[Event "European Womens-ch 2025"]
[Site "Rhodes"]
[Date "2025.04.04"]
[Round "5.22"]
[White "Savina, Anastasia"]
[Black "Ibrahimova, Sabina"]
[Result "1-0"]
[Annotator "RC"]
[ECO "D46"]
[WhiteElo "2331"]
[BlackElo "2199"]
[PlyCount "105"]
[EventDate "2025.03.29"]
[EventType "swiss"]
[EventCountry "GRE"]
[SourceTitle "playchess.com"]
[Source "ChessBase"]
[SourceQuality "1"]
[TimeControl "40/5400+30:1800+30"]

1. d4 d5 2. c4 e6 3. Nc3 h6 4. Nf3 Nf6 5. Qc2 c6 6. e3 Bd6 7. Bd3 Nbd7 8. O-O O-O 9. b3 e5 10. cxd5 cxd5 11. Nb5 Bb8 12. dxe5 Nxe5 13. Nxe5 Bxe5 14. Bb2 Bxb2 15. Qxb2 a6 16. Nd4 Qd6 17. Rfd1 Bd7 18. h3 Qe5 19. Rac1 Rac8 20. Qd2 Rfe8 21. Qb4 Rxc1 22. Rxc1 Rc8 23. Rxc8+ Bxc8 24. Qc5 Qe8 25. Qd6 Bd7 26. Qc7 Qc8 27. Qxc8+ Bxc8 28. Nf5 Bd7 29. Kf1 h5 30. f3 g6 31. Nd4 Kf8 32. h4 Ke7 33. Ke2 Kd6 34. b4 Bc8 35. Kd2 Nd7 36. a4 Ne5 37. Kc3 Bd7 38. a5 Ba4 39. Be2 Bd7 40. f4 Nc6 41. Nxc6 Kxc6 42. Kd4 Kd6 43. Bf3 Be6 44. f5 Bxf5 45. Bxd5 Kc7 46. Bxf7 b6 47. e4 Bg4 48. Bxg6 bxa5 49. bxa5 Kc6 50. Be8+ Kd6 51. Bf7 Be2 52. Bc4 Bxc4 53. Kxc4 1-0

[Event "European Womens-ch 2025"]
[Site "Rhodes"]
[Date "2025.04.04"]
[Round "5.23"]
[White "Jarocka, Liwia"]
[Black "Brunello, Marina"]
[Result "1/2-1/2"]
[Annotator "RC"]
[ECO "B12"]
[WhiteElo "2231"]
[BlackElo "2330"]
[PlyCount "103"]
[EventDate "2025.03.29"]
[EventType "swiss"]
[EventCountry "GRE"]
[SourceTitle "playchess.com"]
[Source "ChessBase"]
[SourceQuality "1"]
[TimeControl "40/5400+30:1800+30"]

1. e4 c6 2. d4 d5 3. e5 Bf5 4. h4 h5 5. c4 e6 6. Nc3 dxc4 7. Bxc4 Ne7 8. Nge2 Ng6 9. g3 Nd7 10. Be3 a6 11. f4 Bg4 12. Bd3 Ne7 13. Be4 Nf5 14. Bf2 Rc8 15. Qd3 Nb6 16. Nc1 Nd5 17. Nb3 b5 18. a4 Nb4 19. Qd2 Be7 20. axb5 axb5 21. O-O O-O 22. Ra7 Rc7 23. Rxc7 Qxc7 24. Rc1 Qd7 25. Bg2 c5 26. d5 c4 27. Nc5 Bxc5 28. Bxc5 Nd3 29. dxe6 fxe6 30. Bxf8 Qd4+ 31. Kh2 Nxc1 32. Qxc1 Kxf8 33. Qa1 Ne3 34. Qa8+ Kf7 35. Nxb5 Qd2 36. Nd6+ Kg6 37. Nxc4 Nxc4 38. Qe4+ Bf5 39. Qxc4 Qxb2 40. Qc6 Qf2 41. Qe8+ Kh6 42. Qa8 Qd2 43. Qf3 g6 44. Qc6 Kg7 45. Qd6 Qf2 46. Qe7+ Kg8 47. Qb7 Kh8 48. Qf3 Qd2 49. Qf1 Bd3 50. Qf3 Bf5 51. Kg1 Qe1+ 52. Kh2 1/2-1/2

[Event "European Womens-ch 2025"]
[Site "Rhodes"]
[Date "2025.04.04"]
[Round "5.24"]
[White "Toncheva, Nadya"]
[Black "Nenova, Andzhelika"]
[Result "1-0"]
[Annotator "RC"]
[ECO "D38"]
[WhiteElo "2329"]
[BlackElo "1903"]
[PlyCount "81"]
[EventDate "2025.03.29"]
[EventType "swiss"]
[EventCountry "GRE"]
[SourceTitle "playchess.com"]
[Source "ChessBase"]
[SourceQuality "1"]
[TimeControl "40/5400+30:1800+30"]

1. d4 d5 2. c4 e6 3. Nc3 Nf6 4. cxd5 exd5 5. Bg5 Bb4 6. Nf3 c6 7. Qb3 Bd6 8. e3 Qb6 9. Qc2 Be6 10. Bd3 Nbd7 11. O-O h6 12. Bf4 Be7 13. Ne5 g5 14. Bg3 h5 15. Na4 Qd8 16. f4 Nxe5 17. dxe5 Ng4 18. f5 Nxe3 19. Qf2 Nxf1 20. fxe6 fxe6 21. Rxf1 Rf8 22. Qc2 Rxf1+ 23. Bxf1 h4 24. Bf2 Qa5 25. Nc5 Bxc5 26. Bxc5 O-O-O 27. Qf2 d4 28. Bxd4 Qd5 29. Bxa7 Qxe5 30. Bb6 Re8 31. a4 Qg7 32. a5 e5 33. a6 bxa6 34. Bxa6+ Kb8 35. Qd2 Qe7 36. Qc2 Qd7 37. Qb3 Ka8 38. Qa4 Kb8 39. Be2 e4 40. Be3 g4 41. Bf4+ 1-0

[Event "European Womens-ch 2025"]
[Site "Rhodes"]
[Date "2025.04.04"]
[Round "5.25"]
[White "Unuk, Laura"]
[Black "Rida, Ruqayyah"]
[Result "1-0"]
[Annotator "RC"]
[ECO "E64"]
[WhiteElo "2301"]
[BlackElo "2065"]
[PlyCount "125"]
[EventDate "2025.03.29"]
[EventType "swiss"]
[EventCountry "GRE"]
[SourceTitle "playchess.com"]
[Source "ChessBase"]
[SourceQuality "1"]
[TimeControl "40/5400+30:1800+30"]

1. d4 Nf6 2. c4 g6 3. Nf3 Bg7 4. g3 d6 5. Bg2 O-O 6. Nc3 c5 7. dxc5 dxc5 8. Qxd8 Rxd8 9. Be3 Be6 10. Ng5 Nbd7 11. Nxe6 fxe6 12. Bh3 Kf7 13. O-O-O Ne5 14. b3 b6 15. Bg2 Rac8 16. h3 Ne8 17. Ne4 h6 18. g4 Nd6 19. Rd2 Nc6 20. Rhd1 Nd4 21. Bf4 e5 22. Bg3 Ne8 23. Nc3 a6 24. e3 Ne6 25. Bb7 Rxd2 26. Rxd2 Rb8 27. Bxa6 Ng5 28. h4 Nf3 29. Rd1 Nd6 30. Bb5 Bf6 31. h5 gxh5 32. gxh5 Nxb5 33. Nxb5 Rg8 34. Nc7 Ng5 35. Bh4 Ne4 36. Bxf6 Nxf6 37. a4 Rc8 38. Nd5 Nxd5 39. Rxd5 Ke6 40. Kd2 e4 41. Ke2 Ra8 42. Kf1 Rc8 43. Kg2 Rg8+ 44. Kh2 Rf8 45. Kg3 Rf3+ 46. Kg2 Rf5 47. Rxf5 Kxf5 48. Kf1 Ke5 49. Ke2 Kd6 50. Kd2 Kc6 51. Kc3 Kd6 52. b4 cxb4+ 53. Kxb4 Kc6 54. c5 bxc5+ 55. Kc4 Kb6 56. a5+ Kc6 57. a6 Kb6 58. a7 Kxa7 59. Kxc5 Kb7 60. Kd5 Kc7 61. Kxe4 Kd6 62. Kf5 e5 63. e4 1-0

[Event "European Womens-ch 2025"]
[Site "Rhodes"]
[Date "2025.04.04"]
[Round "5.26"]
[White "Rodshtein, Tereza"]
[Black "Stefanova, Antoaneta"]
[Result "1-0"]
[Annotator "RC"]
[ECO "B12"]
[WhiteElo "2171"]
[BlackElo "2426"]
[PlyCount "57"]
[EventDate "2025.03.29"]
[EventType "swiss"]
[EventCountry "GRE"]
[SourceTitle "playchess.com"]
[Source "ChessBase"]
[SourceQuality "1"]
[TimeControl "40/5400+30:1800+30"]

1. e4 c6 2. d4 d5 3. Nd2 Qc7 4. Bd3 g6 5. c3 Bg7 6. Qe2 Nh6 7. h3 O-O 8. Ngf3 f6 9. O-O e5 10. dxe5 fxe5 11. Ng5 Qd6 12. Ndf3 Nd7 13. Rd1 Kh8 14. a4 d4 15. Bc4 Re8 16. b4 a5 17. Bb2 axb4 18. cxd4 Nb6 19. dxe5 Qe7 20. Bb3 Ra5 21. Rd6 Na8 22. Rad1 Nc7 23. Qd2 Ra8 24. e6 b5 25. Nf7+ Nxf7 26. exf7 Rf8 27. Qd4 Rxf7 28. Bxf7 Ne8 29. Rd8 1-0

[Event "European Womens-ch 2025"]
[Site "Rhodes"]
[Date "2025.04.04"]
[Round "5.27"]
[White "Fataliyeva, Ulviyya"]
[Black "Bochnickova, Simona"]
[Result "1-0"]
[Annotator "RC"]
[ECO "A14"]
[WhiteElo "2387"]
[BlackElo "2167"]
[PlyCount "63"]
[EventDate "2025.03.29"]
[EventType "swiss"]
[EventCountry "GRE"]
[SourceTitle "playchess.com"]
[Source "ChessBase"]
[SourceQuality "1"]
[TimeControl "40/5400+30:1800+30"]

1. Nf3 d5 2. c4 e6 3. g3 Nf6 4. Bg2 Be7 5. d4 O-O 6. Qc2 c5 7. O-O b6 8. cxd5 exd5 9. Nc3 Nc6 10. dxc5 bxc5 11. Bg5 Be6 12. Rfd1 Qb6 13. Rac1 Rac8 14. Qd2 Rfd8 15. Bxf6 Bxf6 16. Na4 Qb4 17. Nxc5 Bf5 18. Nb3 Qa4 19. Ra1 Nb4 20. Nbd4 Bg6 21. Bh3 Rc2 22. Nxc2 Nxc2 23. b3 Qa6 24. Rac1 Na3 25. Rc5 Be4 26. Ra5 Qd6 27. Ng5 Bxg5 28. Qxg5 Re8 29. Bg2 Qb4 30. Ra4 Qf8 31. Bxe4 dxe4 32. Qa5 1-0

[Event "European Womens-ch 2025"]
[Site "Rhodes"]
[Date "2025.04.04"]
[Round "5.28"]
[White "Guichard, Pauline"]
[Black "Eric, Jovana"]
[Result "1-0"]
[Annotator "RC"]
[ECO "D46"]
[WhiteElo "2355"]
[BlackElo "2147"]
[PlyCount "89"]
[EventDate "2025.03.29"]
[EventType "swiss"]
[EventCountry "GRE"]
[SourceTitle "playchess.com"]
[Source "ChessBase"]
[SourceQuality "1"]
[TimeControl "40/5400+30:1800+30"]

1. d4 d5 2. c4 c6 3. Nf3 Nf6 4. e3 e6 5. Bd3 Nbd7 6. O-O Bd6 7. Nc3 O-O 8. e4 dxe4 9. Nxe4 Nxe4 10. Bxe4 h6 11. Bc2 c5 12. Qd3 f5 13. Re1 cxd4 14. Qxd4 Bc5 15. Qc3 Qb6 16. Re2 Nf6 17. Be3 Bd7 18. Ne5 Be8 19. Bxc5 Qxc5 20. Rae1 Rc8 21. b3 Qc7 22. Qe3 Bh5 23. f3 b6 24. Kh1 Rcd8 25. Qf4 Bf7 26. Qc1 Bh5 27. Nd3 Rd4 28. Rxe6 Rh4 29. Ne5 Nd7 30. Qd2 Nxe5 31. R6xe5 Bg6 32. Qf2 Qd8 33. Re7 Rd4 34. Qg3 Rd6 35. h4 h5 36. b4 Kh7 37. Qe5 Rff6 38. c5 bxc5 39. bxc5 Ra6 40. Bb3 Qd2 41. Qb8 Bf7 42. Rd1 Qb2 43. Rd8 Qf2 44. Rh8+ Kg6 45. Qf4 1-0

[Event "European Womens-ch 2025"]
[Site "Rhodes"]
[Date "2025.04.04"]
[Round "5.29"]
[White "Abdinova, Narmin"]
[Black "Sliwicka, Alicja"]
[Result "1/2-1/2"]
[Annotator "RC"]
[ECO "D75"]
[WhiteElo "2165"]
[BlackElo "2342"]
[PlyCount "110"]
[EventDate "2025.03.29"]
[EventType "swiss"]
[EventCountry "GRE"]
[SourceTitle "playchess.com"]
[Source "ChessBase"]
[SourceQuality "1"]
[TimeControl "40/5400+30:1800+30"]

1. d4 Nf6 2. c4 g6 3. Nc3 Bg7 4. g3 d5 5. cxd5 Nxd5 6. Bg2 Nxc3 7. bxc3 c5 8. Nf3 Nc6 9. O-O O-O 10. d5 Na5 11. e4 b5 12. Rb1 Nc4 13. Rxb5 Nd6 14. Rxc5 Nxe4 15. Rc4 Nxc3 16. Qb3 Nxd5 17. Nd4 e6 18. Rd1 Ba6 19. Ra4 Qb6 20. Ba3 Rfc8 21. Bxd5 exd5 22. Rb4 Qc7 23. Qxd5 Rd8 24. Qf3 Qa5 25. Kg2 Re8 26. Nc6 Qc7 27. Rdb1 Rac8 28. Nd4 Rcd8 29. Ra4 Bc8 30. Nc6 Bf5 31. Rb3 Rc8 32. Nxa7 Qd7 33. g4 Be6 34. Nxc8 Qxa4 35. Nd6 Rd8 36. Re3 Qd7 37. h3 Qc7 38. Ne4 Be5 39. Rd3 Rxd3 40. Qxd3 Kg7 41. Bd6 Bxd6 42. Nxd6 Qc6+ 43. f3 Bd5 44. Ne8+ Qxe8 45. Qxd5 Qe2+ 46. Kg3 Qe1+ 47. Kf4 f6 48. Qb7+ Kf8 49. Qb2 Kf7 50. Qb7+ Kf8 51. Qb8+ Kf7 52. Qc7+ Kf8 53. Qd6+ Kf7 54. Qd5+ Kg7 55. Qb7+ Kf8 1/2-1/2

[Event "European Womens-ch 2025"]
[Site "Rhodes"]
[Date "2025.04.04"]
[Round "5.30"]
[White "Yildiz, Elif Zeren"]
[Black "Zawadzka, Jolanta"]
[Result "1/2-1/2"]
[Annotator "RC"]
[ECO "B47"]
[WhiteElo "2160"]
[BlackElo "2326"]
[PlyCount "102"]
[EventDate "2025.03.29"]
[EventType "swiss"]
[EventCountry "GRE"]
[SourceTitle "playchess.com"]
[Source "ChessBase"]
[SourceQuality "1"]
[TimeControl "40/5400+30:1800+30"]

1. e4 c5 2. Nf3 e6 3. d4 cxd4 4. Nxd4 Nc6 5. Nc3 Qc7 6. Qd3 Nf6 7. Nxc6 dxc6 8. Qg3 Qxg3 9. hxg3 e5 10. f3 Be6 11. Be3 Bb4 12. Kf2 Bxc3 13. bxc3 Nd7 14. g4 O-O 15. a4 Rfc8 16. Rb1 b6 17. Ba6 Rc7 18. Rhd1 h6 19. Be2 f6 20. g3 c5 21. a5 Kf7 22. Bb5 bxa5 23. Ra1 Nb6 24. Rxa5 Rb8 25. Rda1 Nc8 26. c4 Rb6 27. Ke2 Rd6 28. Ba6 Rxa6 29. Rxa6 Bxc4+ 30. Kd2 Bxa6 31. Rxa6 Ke7 32. Kc3 Nd6 33. Ra5 Kd7 34. Rxc5 Rxc5+ 35. Bxc5 Kc6 36. Bb4 Nb5+ 37. Kb2 Nd4 38. Bf8 Ne6 39. Bb4 Kb5 40. Bd6 Kc4 41. f4 Kd4 42. f5 Ng5 43. Bf8 Nxe4 44. Bxg7 a6 45. Kc1 Kc4 46. Kb2 Kd5 47. Kb3 Kd6 48. Kc4 Nf2 49. Bxh6 Nxg4 50. Bf8+ Kc6 51. Kd3 a5 1/2-1/2

[Event "European Womens-ch 2025"]
[Site "Rhodes"]
[Date "2025.04.04"]
[Round "5.31"]
[White "Doluhanova, Evgeniya"]
[Black "Chelushkina, Irina"]
[Result "1-0"]
[Annotator "RC"]
[ECO "A06"]
[WhiteElo "2287"]
[BlackElo "2134"]
[PlyCount "119"]
[EventDate "2025.03.29"]
[EventType "swiss"]
[EventCountry "GRE"]
[SourceTitle "playchess.com"]
[Source "ChessBase"]
[SourceQuality "1"]
[TimeControl "40/5400+30:1800+30"]

1. Nf3 d5 2. e3 Nf6 3. c4 a6 4. b3 c5 5. d4 cxd4 6. exd4 Nc6 7. Be2 g6 8. O-O Bg7 9. Nc3 O-O 10. h3 Ne4 11. Bb2 Nxc3 12. Bxc3 a5 13. Rc1 Be6 14. Qd2 h6 15. Rfe1 Qd7 16. c5 b6 17. cxb6 Rfb8 18. Bb5 Rxb6 19. Bxc6 Rxc6 20. Bxa5 Rca6 21. b4 Qa4 22. Rc7 Bf8 23. Ne5 Kh7 24. Nd3 Rxa5 25. bxa5 Qxd4 26. Rd1 Bf5 27. Qb4 Qf6 28. Qb6 Qg5 29. Kf1 Qh5 30. f3 Qh4 31. Nf2 Qa4 32. g4 Be6 33. Re1 Qxa5 34. Qxa5 Rxa5 35. Nd3 d4 36. Re4 Bg7 37. Rxe6 fxe6 38. Rxe7 Rxa2 39. Rxe6 Rd2 40. Nf4 d3 41. Rd6 Be5 42. Rd7+ Kg8 43. Nxd3 Bg3 44. Ne5 Rxd7 45. Nxd7 Kf7 46. Ke2 Ke6 47. Nc5+ Ke5 48. Ke3 Bf4+ 49. Kf2 Kd5 50. Nd3 Bc7 51. Ke3 Bb6+ 52. Ke2 Bc7 53. Nb4+ Ke6 54. Ke3 h5 55. gxh5 gxh5 56. Ke4 Ba5 57. Nd5 Be1 58. Nf4+ Kf6 59. Nxh5+ Kg5 60. Nf4 1-0

[Event "European Womens-ch 2025"]
[Site "Rhodes"]
[Date "2025.04.04"]
[Round "5.32"]
[White "Cornileau, Juliette"]
[Black "Mkrtchyan, Mariam"]
[Result "0-1"]
[Annotator "RC"]
[ECO "C89"]
[WhiteElo "2130"]
[BlackElo "2282"]
[PlyCount "62"]
[EventDate "2025.03.29"]
[EventType "swiss"]
[EventCountry "GRE"]
[SourceTitle "playchess.com"]
[Source "ChessBase"]
[SourceQuality "1"]
[TimeControl "40/5400+30:1800+30"]

1. e4 e5 2. Nf3 Nc6 3. Bb5 a6 4. Ba4 Nf6 5. O-O Be7 6. Re1 b5 7. Bb3 O-O 8. c3 d5 9. exd5 Nxd5 10. a4 Be6 11. d3 Qd6 12. Na3 Rab8 13. axb5 axb5 14. Bc2 Qd8 15. d4 exd4 16. Qd3 g6 17. Nxd4 Nxd4 18. Qxd4 Bf6 19. Qc5 b4 20. cxb4 Be7 21. Qd4 Nxb4 22. Qe3 Bf6 23. Be4 Re8 24. Bd2 Bf5 25. Bxb4 Rxe4 26. Qxe4 Bxe4 27. Rxe4 Bxb2 28. Rae1 Kg7 29. Bc5 Qd5 30. Ba7 Rb7 31. Nc4 Bc3 0-1

[Event "European Womens-ch 2025"]
[Site "Rhodes"]
[Date "2025.04.04"]
[Round "5.33"]
[White "Nadzamova, Viktoria"]
[Black "Avramidou, Anastasia"]
[Result "0-1"]
[Annotator "RC"]
[ECO "B23"]
[WhiteElo "2122"]
[BlackElo "2275"]
[PlyCount "96"]
[EventDate "2025.03.29"]
[EventType "swiss"]
[EventCountry "GRE"]
[SourceTitle "playchess.com"]
[Source "ChessBase"]
[SourceQuality "1"]
[TimeControl "40/5400+30:1800+30"]

1. e4 c5 2. Nc3 a6 3. f4 e6 4. Nf3 d5 5. e5 Nc6 6. Be2 Nh6 7. O-O Nf5 8. g4 Nfd4 9. Nb1 f6 10. Nxd4 Nxd4 11. c3 Nc6 12. d4 Qb6 13. exf6 gxf6 14. g5 cxd4 15. Bh5+ Kd8 16. Kh1 f5 17. cxd4 Bg7 18. Nc3 Qxd4 19. Qf3 Qc4 20. Bd2 Bd7 21. Rac1 d4 22. b3 Qb4 23. Nb1 Qd6 24. Rfe1 Rc8 25. a3 Rc7 26. Qd3 Kc8 27. b4 Na7 28. Bf3 Rxc1 29. Rxc1+ Kb8 30. Rd1 Bb5 31. Qb3 Rc8 32. a4 Bc4 33. Qb2 Bd5 34. Bxd5 Qxd5+ 35. Kg1 e5 36. Na3 e4 37. b5 axb5 38. Nxb5 Nxb5 39. axb5 Bf8 40. Ra1 b6 41. Bb4 Bxb4 42. Qxb4 d3 43. Qa4 Rc7 44. Kg2 e3+ 45. Kg3 d2 46. Qa6 e2 47. Qxb6+ Rb7 48. Qa5 d1=Q 0-1

[Event "European Womens-ch 2025"]
[Site "Rhodes"]
[Date "2025.04.04"]
[Round "5.34"]
[White "Allahverdiyeva, Ayan"]
[Black "Paasikangas, Johanna"]
[Result "1-0"]
[Annotator "ChessBase"]
[ECO "C70"]
[WhiteElo "2266"]
[BlackElo "2106"]
[PlyCount "75"]
[EventDate "2025.03.29"]
[EventType "swiss"]
[EventCountry "GRE"]
[SourceTitle "playchess.com"]
[Source "ChessBase"]
[SourceQuality "1"]
[TimeControl "40/5400+30:1800+30"]

1. e4 e5 2. Nf3 Nc6 3. Bb5 a6 4. Ba4 d6 5. O-O b5 6. Bb3 Na5 7. d4 Nxb3 8. axb3 f6 9. c4 Bd7 10. dxe5 fxe5 11. Nxe5 dxe5 12. Qh5+ Ke7 13. Be3 Nf6 14. Qxe5+ Kf7 15. Qf4 Kg8 16. e5 Ng4 17. cxb5 Be6 18. bxa6 Qd5 19. Bd4 c5 20. Bc3 Qxb3 21. Nd2 Qd5 22. Ne4 Nh6 23. a7 Nf5 24. Ng5 Be7 25. Nxe6 Qxe6 26. Qf3 Qc8 27. Rfd1 h5 28. Rd7 g6 29. Qd5+ Kg7 30. e6+ Kh6 31. Bxh8 Qxh8 32. Rb7 Bd6 33. Qd2+ g5 34. Qd5 Qe5 35. Qxe5 Bxe5 36. e7 Ng7 37. Ra6+ Kh7 38. Re6 1-0

[Event "European Womens-ch 2025"]
[Site "Rhodes"]
[Date "2025.04.04"]
[Round "5.35"]
[White "Deak-Sala, Emilia"]
[Black "Schneider, Jana"]
[Result "1/2-1/2"]
[Annotator "ChessBase"]
[ECO "A05"]
[WhiteElo "2112"]
[BlackElo "2251"]
[PlyCount "57"]
[EventDate "2025.03.29"]
[EventType "swiss"]
[EventCountry "GRE"]
[SourceTitle "playchess.com"]
[Source "ChessBase"]
[SourceQuality "1"]
[TimeControl "40/5400+30:1800+30"]

1. Nf3 d5 2. g3 Nf6 3. Bg2 e6 4. O-O Be7 5. d3 c5 6. Nbd2 b5 7. e4 Bb7 8. e5 Nfd7 9. Re1 Nc6 10. Nf1 a5 11. h4 h6 12. h5 a4 13. a3 Qb6 14. Bf4 Bd8 15. Ne3 d4 16. Nf1 Bc7 17. Qe2 Ne7 18. g4 Bd5 19. N1d2 b4 20. Ne4 Nc6 21. c4 bxc3 22. bxc3 Na5 23. c4 Bc6 24. Rab1 Nb3 25. g5 hxg5 26. Nfxg5 Rf8 27. Nh7 Rh8 28. Nhg5 Rf8 29. Nh7 1/2-1/2

[Event "European Womens-ch 2025"]
[Site "Rhodes"]
[Date "2025.04.04"]
[Round "5.36"]
[White "Wikar, Martyna"]
[Black "Ter-Avetisjana, Agnesa Stepania"]
[Result "1-0"]
[Annotator "ChessBase"]
[ECO "B13"]
[WhiteElo "2239"]
[BlackElo "2100"]
[PlyCount "89"]
[EventDate "2025.03.29"]
[EventType "swiss"]
[EventCountry "GRE"]
[SourceTitle "playchess.com"]
[Source "ChessBase"]
[SourceQuality "1"]
[TimeControl "40/5400+30:1800+30"]

1. e4 c6 2. d4 d5 3. exd5 cxd5 4. Bd3 Nc6 5. c3 Qc7 6. h3 g6 7. Nf3 Bf5 8. O-O Bxd3 9. Qxd3 Bg7 10. Re1 Nf6 11. Be3 O-O 12. Nbd2 Rfe8 13. Nb3 Nd7 14. Re2 a6 15. Rae1 b5 16. a3 e6 17. h4 Na5 18. Nxa5 Qxa5 19. h5 Qc7 20. Bc1 Qc4 21. Qe3 a5 22. Qf4 Ra7 23. hxg6 hxg6 24. Qh4 e5 25. Bh6 e4 26. Re3 f6 27. Nd2 Qc8 28. Rh3 g5 29. Qh5 Nf8 30. f4 g4 31. Qxd5+ Rf7 32. Rh5 Ng6 33. Bxg7 Nxf4 34. Rh8+ Kxg7 35. Rh7+ Kxh7 36. Qxf7+ Kh6 37. Qxf6+ Ng6 38. Rxe4 Rf8 39. Qe6 Qxe6 40. Rxe6 Kg5 41. g3 b4 42. Ra6 Rf5 43. c4 bxa3 44. bxa3 Ne7 45. Kg2 1-0

[Event "European Womens-ch 2025"]
[Site "Rhodes"]
[Date "2025.04.04"]
[Round "5.37"]
[White "Sandu, Mihaela"]
[Black "Mihaljevic, Eva"]
[Result "1/2-1/2"]
[Annotator "ChessBase"]
[ECO "B92"]
[WhiteElo "2230"]
[BlackElo "2039"]
[PlyCount "84"]
[EventDate "2025.03.29"]
[EventType "swiss"]
[EventCountry "GRE"]
[SourceTitle "playchess.com"]
[Source "ChessBase"]
[SourceQuality "1"]
[TimeControl "40/5400+30:1800+30"]

1. e4 c5 2. Nf3 d6 3. d4 cxd4 4. Nxd4 Nf6 5. Nc3 a6 6. Be2 e5 7. Nb3 Be7 8. O-O O-O 9. Re1 Be6 10. Bf3 Nbd7 11. a4 Rc8 12. a5 h6 13. h3 Qc7 14. Be3 Nh7 15. Nd2 Ng5 16. Be2 Nf6 17. Bxg5 hxg5 18. Nf1 Qc5 19. Bd3 Bd8 20. Re3 g4 21. Nd5 Bxd5 22. exd5 Nxd5 23. Re4 Be7 24. Rc4 Qa7 25. Rxc8 Rxc8 26. Bf5 Rc5 27. Bxg4 Qb8 28. Nd2 Nf6 29. c4 Nxg4 30. hxg4 Qd8 31. b4 Rc6 32. b5 Rc5 33. Qa4 d5 34. bxa6 bxa6 35. cxd5 Qxd5 36. Qe8+ Bf8 37. Nf3 e4 38. Nh4 Qe5 39. Qxe5 Rxe5 40. Nf5 g6 41. Ne3 Bb4 42. Ra4 Rb5 1/2-1/2

[Event "European Womens-ch 2025"]
[Site "Rhodes"]
[Date "2025.04.04"]
[Round "5.38"]
[White "Zagorac, Lara"]
[Black "Rudzinska, Michalina"]
[Result "1/2-1/2"]
[Annotator "ChessBase"]
[ECO "E11"]
[WhiteElo "2106"]
[BlackElo "2223"]
[PlyCount "76"]
[EventDate "2025.03.29"]
[EventType "swiss"]
[EventCountry "GRE"]
[SourceTitle "playchess.com"]
[Source "ChessBase"]
[SourceQuality "1"]
[TimeControl "40/5400+30:1800+30"]

1. d4 d5 2. Nf3 Nf6 3. c4 e6 4. g3 Bb4+ 5. Bd2 a5 6. Qc2 O-O 7. Bg2 c5 8. cxd5 cxd4 9. Nxd4 Qb6 10. e3 exd5 11. O-O Nc6 12. Nxc6 bxc6 13. Rc1 Rb8 14. Nc3 h5 15. a3 Bd6 16. Na4 Qd8 17. Qxc6 Be5 18. Qc2 Ng4 19. Bc3 Be6 20. Bxe5 Nxe5 21. Nc5 Qf6 22. b3 Rfc8 23. Qd1 Bf5 24. Qd4 Qe7 25. b4 Rd8 26. Na6 Rb7 27. Nc5 Rb5 28. Qf4 Bg4 29. h4 Rd6 30. Qd4 axb4 31. axb4 Rb8 32. Nd3 Nf3+ 33. Bxf3 Bxf3 34. Qf4 Be4 35. Nc5 Rxb4 36. Nxe4 dxe4 37. Ra8+ Rd8 38. Rxd8+ Qxd8 1/2-1/2

[Event "European Womens-ch 2025"]
[Site "Rhodes"]
[Date "2025.04.04"]
[Round "5.39"]
[White "Hapala, Elisabeth"]
[Black "Khurtsilava, Inga"]
[Result "1-0"]
[Annotator "ChessBase"]
[ECO "B15"]
[WhiteElo "2092"]
[BlackElo "2214"]
[PlyCount "67"]
[EventDate "2025.03.29"]
[EventType "swiss"]
[EventCountry "GRE"]
[SourceTitle "playchess.com"]
[Source "ChessBase"]
[SourceQuality "1"]
[TimeControl "40/5400+30:1800+30"]

1. e4 c6 2. d4 d5 3. Nc3 dxe4 4. Nxe4 Nf6 5. Nxf6+ exf6 6. c3 Bd6 7. Bd3 O-O 8. Qc2 h5 9. Ne2 Re8 10. Be3 Nd7 11. c4 Nf8 12. O-O-O Be6 13. Kb1 Rc8 14. Nc3 Bb8 15. Rhe1 g6 16. h3 f5 17. g4 fxg4 18. Ne4 gxh3 19. Bg5 Qa5 20. Nf6+ Kh8 21. Bd2 Qd8 22. Bc3 Re7 23. d5 cxd5 24. Qd2 Kg7 25. Nxh5+ Kh7 26. Nf6+ Kg7 27. Nxd5+ f6 28. Bxf6+ Kf7 29. Bxe7 Qd7 30. Qg5 Bxd5 31. Bxg6+ Nxg6 32. Qf6+ Ke8 33. Qxg6+ Bf7 34. Bf6+ 1-0

[Event "European Womens-ch 2025"]
[Site "Rhodes"]
[Date "2025.04.04"]
[Round "5.40"]
[White "Huseynova, Lala"]
[Black "Mamedjarova, Turkan"]
[Result "1/2-1/2"]
[Annotator "ChessBase"]
[ECO "C95"]
[WhiteElo "2065"]
[BlackElo "2206"]
[PlyCount "120"]
[EventDate "2025.03.29"]
[EventType "swiss"]
[EventCountry "GRE"]
[SourceTitle "playchess.com"]
[Source "ChessBase"]
[SourceQuality "1"]
[TimeControl "40/5400+30:1800+30"]

1. e4 e5 2. Nf3 Nc6 3. Bb5 a6 4. Ba4 Nf6 5. O-O Be7 6. Re1 b5 7. Bb3 d6 8. c3 O-O 9. h3 Nb8 10. d4 Nbd7 11. c4 Bb7 12. Nc3 c6 13. a3 Rb8 14. Bg5 h6 15. Bh4 Nh5 16. Bxe7 Qxe7 17. cxb5 axb5 18. g3 g6 19. Nh4 Kh7 20. d5 Nc5 21. Bc2 Nf4 22. b4 Na4 23. Nxa4 bxa4 24. dxc6 Bxc6 25. Nf3 Nxh3+ 26. Kg2 Qe6 27. Rh1 Bd7 28. Nh4 Ng5 29. Qd2 Kg7 30. Rad1 Rbc8 31. Bb1 Bc6 32. Nf3 Rh8 33. Nxg5 hxg5 34. Qxg5 f5 35. Qe3 d5 36. Qa7+ Kf6 37. b5 Ba8 38. b6 fxe4 39. Bxe4 Rxh1 40. Rxh1 dxe4 41. b7 Bxb7 42. Qxb7 Qc6 43. Rb1 Qxb7 44. Rxb7 Rc3 45. Rb4 Rxa3 46. Rxe4 Kf5 47. Rb4 Ra1 48. Kf3 a3 49. g4+ Ke6 50. Rb6+ Kd5 51. Rxg6 Rb1 52. Ra6 Rb3+ 53. Kg2 Kd4 54. g5 Kc3 55. g6 Kb2 56. g7 Rb8 57. Kf3 a2 58. Ke4 Rg8 59. Rb6+ Kc2 60. Ra6 Kb2 1/2-1/2

[Event "European Womens-ch 2025"]
[Site "Rhodes"]
[Date "2025.04.04"]
[Round "5.41"]
[White "Dwilewicz, Katarzyna"]
[Black "Khachatryan, Anna"]
[Result "0-1"]
[Annotator "ChessBase"]
[ECO "B48"]
[WhiteElo "2203"]
[BlackElo "2091"]
[PlyCount "92"]
[EventDate "2025.03.29"]
[EventType "swiss"]
[EventCountry "GRE"]
[SourceTitle "playchess.com"]
[Source "ChessBase"]
[SourceQuality "1"]
[TimeControl "40/5400+30:1800+30"]

1. e4 c5 2. Nf3 e6 3. d4 cxd4 4. Nxd4 Nc6 5. Nc3 Qc7 6. Be3 a6 7. a3 Nf6 8. f4 Nxd4 9. Qxd4 b5 10. Be2 Bb7 11. Bf3 Be7 12. g4 O-O 13. h4 d5 14. exd5 Nxd5 15. Nxd5 Bxd5 16. Bxd5 Rad8 17. O-O-O Rxd5 18. Qe4 Rfd8 19. g5 Qc6 20. Rxd5 Rxd5 21. Bd2 Bc5 22. Rh3 Bd4 23. Rd3 Qc4 24. Kb1 Bc5 25. Qxc4 bxc4 26. Rxd5 exd5 27. h5 g6 28. h6 f6 29. a4 fxg5 30. fxg5 Kf7 31. b4 Be7 32. c3 Ke6 33. Kc2 Kf5 34. Be3 Ke4 35. Bc1 d4 36. cxd4 Bxb4 37. Bb2 Be1 38. d5 Kxd5 39. Bf6 Ke4 40. Bd8 Kf5 41. a5 Kg4 42. Kb2 Bd2 43. Kc2 Bxg5 44. Bb6 Bf6 45. Be3 Kf3 46. Bc1 g5 0-1